 Dungeon Crawl Stone Soup version 0.18.1-47-g9310371 (webtiles) character file.

16640 Galewin the Fighter (level 12, -4/113 HPs)
             Began as a Pale Draconian Berserker on June 22, 2016.
             Was a High Priest of Trog.
             Slain by an unseen horror (7 damage)
             ... on level 13 of the Dungeon.
             The game lasted 00:44:35 (11512 turns).

Galewin the Fighter (Pale Draconian Berserker)     Turns: 11512, Time: 00:44:36

Health: -4/113     AC: 10    Str: 24    XL:     12   Next: 11%
Magic:  12/12      EV: 12    Int:  8    God:    Trog [*****.]
Gold:   594        SH: 20    Dex: 11    Spells: 0 memorised, 11 levels left

rFire  . . .     SeeInvis .     s - +4 spear (freeze)
rCold  . . .     Gourm    .     (armour unavailable)
rNeg   + . .     Faith    .     x - +2 large shield
rPois  .         Spirit   .     (helmet restricted)
rElec  .         Dismiss  .     j - +0 cloak
rCorr  .         Reflect  .     f - +0 pair of gloves
SustAt +         Harm     +     (no boots)
MR     .....                    H - amulet of harm
Stlth  +.........               o - ring of positive energy
                                e - ring of sustain attributes

@: exhausted, studying Throwing, not resistant to hostile enchantments, very
unstealthy
A: breathe steam, unfitting armour, cold-blooded, AC +8
a: Breathe Steam, Berserk, Trog's Hand, Brothers in Arms, Burn Spellbooks,
Renounce Religion


You were on level 13 of the Dungeon.
You worshipped Trog.
Trog was extremely pleased with you.
You were hungry.

You visited 1 branch of the dungeon, and saw 13 of its levels.

You collected 594 gold pieces.

Inventory:

Hand Weapons
 a - a +3 spear of venom
 s - a +4 spear of freezing (weapon)
Armour
 f - a +0 pair of gloves (worn)
 j - a +0 cloak (worn)
 x - a +2 large shield (worn)
Jewellery
 e - a ring of sustain attributes (left hand)
 o - a ring of positive energy (right hand)
 H - an amulet of harm (around neck)
 J - an uncursed amulet of regeneration {unknown}
Wands
 n - a wand of iceblast (6/15)
 p - a wand of enslavement (10/24)
 A - a wand of teleportation (3/9)
 C - a wand of iceblast (5/15)
 D - a wand of lightning (6/15)
 I - a wand of digging (10/24)
 L - a wand of paralysis (14/24)
Scrolls
 c - 3 scrolls of fear
 d - 2 scrolls of fog
 g - 4 scrolls of identify
 h - 4 scrolls of recharging
 q - 4 scrolls of teleportation
 r - a scroll of enchant weapon
 v - 5 scrolls of blinking
 y - 3 scrolls of magic mapping
 E - 4 scrolls of remove curse
 K - 2 scrolls of summoning
Potions
 m - 3 potions of curing
 t - a potion of flight
 u - a potion of heal wounds
 w - a potion of agility
 z - 2 potions of ambrosia
 B - a potion of magic
 F - a potion of brilliance
 G - a potion of invisibility
Books
 M - a manual of Throwing
Comestibles
 b - 5 bread rations
 i - 5 beef jerkies
 l - 4 meat rations
 N - a slice of pizza


   Skills:
 * Level 12.3 Fighting
 * Level 11.3 Polearms
 + Level 7.6 Dodging
 * Level 9.8 Shields


You had 11 spell levels left.
You didn't know any spells.

Dungeon Overview and Level Annotations

Branches:
Dungeon (13/15)            Temple (0/1) D:4            Lair (0/8) D:8
    Orc (0/2) D:12
 Vaults: D:13-14

Altars:
Ashenzari
Cheibriados
Dithmenos
Kikubaaqudgha
Makhleb
Nemelex Xobeh
Okawaru
Pakellas
Qazlal
Ru
Sif Muna
Trog
Vehumet
Yredelemnul
Zin

Shops:
D:2 *   D:11 }

Portals:
Trove: D:11 (give 14 scrolls of teleportation)

Annotations:
D:4 Grinder


Innate Abilities, Weirdness & Mutations

You can breathe blasts of scalding, opaque steam.
Your pale cyan-grey scales are hard (AC +8).
Your body does not fit into most forms of armour.
You are cold-blooded and may be slowed by cold attacks.


Message History

Something hits you but does no damage. Something hits you.
Something barely misses you. You block something's attack.
You miss something. Something hits you! You block something's attack.
You block something's attack. Something hits you but does no damage.
Something hits you!
* * * LOW HITPOINT WARNING * * *
A gargoyle comes into view. It is wielding an enchanted dire flail.
Something hits you but does no damage. You block something's attack.
Something hits you!
* * * LOW HITPOINT WARNING * * *
You feel yourself speed up.
Something hits you but does no damage. x2
Something hits you but does no damage. Something hits you!
* * * LOW HITPOINT WARNING * * *
Something hits you.
You die...

.# ##### .# ###.#
...# .# .....
#.#####.#### #...%.
#..........##
#.....###.#.#........
#...>.........9.#
#.....#.#@#.#.###
......†.#<....#
#...........#.#
#.#########.#.#
#........# #.####.###
#.# #.# #.#


You could see a gargoyle.

Vanquished Creatures
  A hydra (D:11)
  Harold (D:12)
  Erica (D:8)
  The ghost of TBriggs11TB the Cleaver, a novice HOFi (D:8)
  The ghost of Mesmaeker13 the Chopper, a novice DsGl of Makhleb (D:6)
  A deep elf mage (D:10)
  2 ugly things
  2 manticores
  A centaur zombie (D:12)
  Maurice (D:8)
  Psyche (D:12)
  3 trolls
  A two-headed ogre (D:10)
  A wyvern (D:11)
  A hog (shapeshifter) (D:13)
  3 yaks (D:12)
  A hippogriff (D:12)
  A hungry ghost (D:10)
  2 water moccasins
  4 ice beasts
  4 orc warriors
  3 sky beasts
  6 phantoms
  A black bear (D:6)
  A necrophage (D:12)
  7 ogres
  4 centaurs
  A crocodile (D:11)
  2 big kobolds
  5 giant frogs
  A gnoll sergeant (D:9)
  A wyvern zombie (D:12)
  4 scorpions
  2 wyvern skeletons
  3 troll zombies (D:12)
  30 killer bees
  10 wights
  6 howler monkeys
  2 crimson imps
  A giant frog zombie (D:11)
  A giant frog skeleton (D:5)
  2 hounds
  2 jellies
  5 orc priests
  9 orc wizards
  2 centaur skeletons
  4 iguanas
  14 worker ants
  5 ogre zombies (D:12)
  2 hound skeletons (D:10)
  A worker ant zombie (D:7)
  A howler monkey zombie (D:10)
  4 gnolls (D:9)
  13 adders
  4 shadow imps
  An adder zombie (D:7)
  3 worms
  6 giant geckos
  43 orcs
  4 ball pythons
  7 giant cockroaches
  7 goblins
  10 hobgoblins
  9 jackals
  18 kobolds
  4 quokkas
  8 bats
  2 giant gecko skeletons
  3 giant newts
  2 goblin zombies (D:12)
  5 hobgoblin zombies (D:12)
  4 orc skeletons (D:12)
  14 orc zombies (D:12)
  3 quokka skeletons
  9 rats
355 creatures vanquished.

Vanquished Creatures (collateral kills)
  Frances (D:12)
1 creature vanquished.

Grand Total: 356 creatures vanquished

Notes
Turn   | Place    | Note
--------------------------------------------------------------
     0 | D:1      | Galewin the Draconian Berserker began the quest for the Orb.
     0 | D:1      | Reached XP level 1. HP: 19/19 MP: 1/1
   108 | D:1      | Reached XP level 2. HP: 27/27 MP: 2/2
   396 | D:1      | Reached skill level 4 in Fighting
   643 | D:2      | Reached ** piety under Trog
   835 | D:2      | Reached XP level 3. HP: 20/33 MP: 3/3
   878 | D:2      | Found an oddly glowing altar of Pakellas.
  1064 | D:2      | Found a shattered altar of Ashenzari.
  1298 | D:2      | Found Zin's Purification Station.
  1301 | D:2      | Found a glowing silver altar of Zin.
  1390 | D:2      | Reached XP level 4. HP: 41/41 MP: 4/4
  1411 | D:2      | Found a shadowy altar of Dithmenos.
  1834 | D:3      | Reached *** piety under Trog
  1860 | D:3      | Reached skill level 5 in Fighting
  1860 | D:3      | Reached XP level 5. HP: 12/48 MP: 5/5
  2690 | D:4      | Reached **** piety under Trog
  2716 | D:4      | Reached XP level 6. HP: 49/56 MP: 6/6
  2731 | D:4      | Reached skill level 5 in Polearms
  2803 | D:4      | Found a staircase to the Ecumenical Temple.
  2939 | D:4      | Noticed Grinder
  2952 | D:4      | Paralysed by Grinder for 6 turns
  2961 | D:4      | Paralysed by Grinder for 4 turns
  3567 | D:4      | Found a radiant altar of Vehumet.
  3644 | D:5      | Entered Level 5 of the Dungeon
  3758 | D:5      | Reached skill level 6 in Fighting
  3782 | D:5      | Your scales start taking on a pale cyan-grey colour.
  3782 | D:5      | Reached XP level 7. HP: 10/63 MP: 7/7
  4440 | D:5      | Found a bloodstained altar of Trog.
  4441 | D:5      | Found an iron altar of Okawaru.
  4481 | D:5      | Reached skill level 7 in Fighting
  4481 | D:5      | Reached skill level 1 in Shields
  4644 | D:6      | Reached XP level 8. HP: 73/73 MP: 8/8
  4645 | D:6      | Found a burning altar of Makhleb.
  4961 | D:6      | Noticed Mesmaeker13's ghost (novice DsGl)
  5007 | D:6      | Killed Mesmaeker13's ghost
  5007 | D:6      | Reached skill level 8 in Fighting
  5007 | D:6      | Reached skill level 5 in Dodging
  5007 | D:6      | Reached XP level 9. HP: 32/82 MP: 9/9
  5351 | D:6      | Found a snail-covered altar of Cheibriados.
  5864 | D:7      | Reached skill level 5 in Shields
  6102 | D:7      | Reached skill level 9 in Fighting
  6431 | D:8      | Found a staircase to the Lair.
  6431 | D:8      | Noticed TBriggs11TB's ghost (novice HOFi)
  6499 | D:8      | Killed TBriggs11TB's ghost
  6849 | D:8      | Reached XP level 10. HP: 83/91 MP: 10/10
  6875 | D:8      | Noticed Erica
  6888 | D:8      | Killed Erica
  6965 | D:8      | Reached ***** piety under Trog
  7008 | D:8      | Found a deep blue altar of Sif Muna.
  7037 | D:8      | Noticed Maurice
  7045 | D:8      | Killed Maurice
  7045 | D:8      | Reached skill level 10 in Fighting
  7050 | D:8      | Found a stormy altar of Qazlal.
  7053 | D:8      | Found a basalt altar of Yredelemnul.
  7244 | D:8      | Found a sparkling altar of Nemelex Xobeh.
  7301 | D:9      | Found a sacrificial altar of Ru.
  7374 | D:9      | Found an ancient bone altar of Kikubaaqudgha.
  7807 | D:10     | Entered Level 10 of the Dungeon
  8010 | D:10     | Noticed a deep elf mage
  8030 | D:10     | Killed a deep elf mage
  8313 | D:10     | Reached skill level 11 in Fighting
  8313 | D:10     | Reached skill level 10 in Polearms
  8313 | D:10     | Reached XP level 11. HP: 94/102 MP: 11/11
  8376 | D:10     | Received a gift from Trog
  8849 | D:11     | Found a portal to a secret trove of treasure.
  8916 | D:11     | Found Fofyirgh's Gadget Emporium.
  8928 | D:11     | Noticed a cyan ugly thing
  8940 | D:11     | Killed a cyan ugly thing
  9565 | D:11     | Noticed a seven-headed hydra
  9576 | D:11     | Killed a seven-headed hydra
 10633 | D:12     | Found a staircase to the Orcish Mines.
 11049 | D:12     | Noticed Frances
 11067 | D:12     | Killed Frances
 11067 | D:12     | Reached skill level 12 in Fighting
 11117 | D:12     | Noticed Harold
 11135 | D:12     | Killed Harold
 11197 | D:12     | Noticed Psyche
 11207 | D:12     | Killed Psyche
 11207 | D:12     | Reached XP level 12. HP: 112/112 MP: 12/12
 11512 | D:13     | HP: 3/113 [something (15)]
 11512 | D:13     | Slain by an unseen horror

Skill      XL: |  1  2  3  4  5  6  7  8  9 10 11 |
---------------+----------------------------------+-----
Fighting       | 4 5 6 7 8 9 11 12 | 12.3
Polearms       | 4 5 6 7 8 10 11 | 11.3
Dodging        | 3 4 5 6 7 |  7.6
Shields        | 2 4 6 8 9 |  9.8

Action                   |  1- 3 |  4- 6 |  7- 9 | 10-12 || total
-------------------------+-------+-------+-------+-------++-------
Melee: Spear             |   132 |   251 |   425 |   699 ||  1507
       Tailslap          |    10 |    25 |    51 |   108 ||   194
Invok: Berserk           |       |     4 |     3 |     8 ||    15
       Trog's Hand       |       |     2 |     1 |     3 ||     6
       Burn Spellbooks   |       |       |     1 |     1 ||     2
       Brothers in Arms  |       |       |       |     1 ||     1
 Abil: Breathe Steam     |       |       |     8 |    10 ||    18
  Use: Scroll            |     8 |     6 |     7 |     8 ||    29
       Potion            |     3 |     3 |     6 |     3 ||    15
 Stab: Sleeping          |     2 |     1 |     1 |     2 ||     6
  Eat: Chunk             |     1 |    11 |     2 |     6 ||    20
       Bread ration      |       |       |     2 |       ||     2
       Meat ration       |       |       |     2 |     3 ||     5
       Pizza             |       |       |       |     1 ||     1
Armor: Skin              |    29 |    63 |    77 |   118 ||   287
Dodge: Dodged            |    62 |   122 |    75 |   199 ||   458
Block: Large shield      |       |       |   228 |   559 ||   787
